 Dungeon Crawl Stone Soup version 0.29-a0-317-gd16b76e6b1 (webtiles) character file.

Game seed: 15845822011068538144

2 Leszczynek the Ducker (level 1, 0/16 HPs)
             Began as a Human Gladiator on Mar 31, 2022.
             Slain by a quokka (2 damage)
             ... on level 1 of the Dungeon.
             The game lasted 00:00:28 (62 turns).

Leszczynek the Ducker (Human Gladiator)               Turns: 62, Time: 00:00:29

Health: 0/16       AC:  4    Str: 14    XL:     1   Next: 44%
Magic:  1/1        EV: 12    Int:  8    God:
Gold:   12         SH:  0    Dex: 14    Spells: 0/0 levels left

rFire   . . .      SeeInvis .   a - +0 war axe
rCold   . . .      Faith    .   (no shield)
rNeg    . . .      Spirit   .   b - +0 leather armour
rPois   .          Reflect  .   c - +0 helmet
rElec   .          Harm     .   (no cloak)
rCorr   .          Rampage  .   (no gloves)
Will    .....                   (no boots)
Stlth   +.........              (no amulet)
HPRegen 0.05/turn               (no ring)
MPRegen 0.07/turn               (no ring)

@: no status effects
A: no striking features
a: no special abilities


You were on level 1 of the Dungeon.
You visited 1 branch of the dungeon, and saw 1 of its levels.

You collected 12 gold pieces.

Inventory:

Hand Weapons
 a - a +0 war axe (weapon)
Missiles
 e - a javelin (quivered)
Armour
 b - a +0 leather armour (worn)
 c - a +0 helmet (worn)


   Skills:
 * Level 2.1 Fighting
 * Level 3.0 Axes
 + Level 2.0 Throwing
 + Level 3.0 Dodging


You couldn't memorise any spells.
You didn't know any spells.
Your spell library was empty.

Dungeon Overview and Level Annotations

Branches:
Dungeon (1/15)

Altars:


Message History

The quokka closely misses you. The quokka bites you.
You closely miss the quokka.
The quokka is almost dead.
The quokka bites you but does no damage.
You barely miss the quokka.
The quokka is almost dead.
The quokka barely misses you.
The quokka bites you but does no damage.
You barely miss the quokka.
The quokka is almost dead.
The quokka bites you.
You are too injured to fight recklessly!
You are too injured to fight recklessly!
You are too injured to fight recklessly!
You closely miss the quokka.
The quokka is almost dead.
The quokka bites you.
* * * LOW HITPOINT WARNING * * *
The quokka bites you but does no damage.
Throw: 2 throwing nets
Press: ? - help, Q - select action, (/) - cycle Shift-Dir - straight line, f - quokka
Aim: a quokka (almost dead, 50% to hit)
You throw a throwing net. The throwing net misses the quokka.
The throwing net hits the endoplasm.
The endoplasm is caught in the net!
The quokka closely misses you.
The endoplasm struggles against the net.
Throw: throwing net
Press: ? - help, Q - select action, (/) - cycle Shift-Dir - straight line, f/p - quokka
Aim: a quokka (almost dead, 50% to hit)
You throw a throwing net. The throwing net misses the quokka.
The throwing net hits the endoplasm.
The quokka closely misses you.
The endoplasm struggles against the net.
You closely miss the quokka.
The quokka is almost dead.
The quokka barely misses you.
The endoplasm struggles against the net.
The quokka bites you.
You die...

#. #. #.# #####.# ###
#.....# ...
#.....#######.#####
#.................#
####....#......##....#
........'......@rJ...+
###....#......##....#
#....#......# ....#
#####....#......#
.......
.........#......#
#######
.........#......#
......####......#
......# #......#
....).# #......#


You could see an endoplasm (caught) and a quokka.

Vanquished Creatures
  A hobgoblin (D:1)
  A kobold (D:1)
2 creatures vanquished.

Notes
Turn   | Place    | Note
-------+----------+-------------------------------------------
     0 | D:1      | Leszczynek the Human Gladiator began the quest for the Orb.
     0 | D:1      | Reached XP level 1. HP: 16/16 MP: 1/1
    59 | D:1      | HP: 2/16 [quokka (4)]
    62 | D:1      | Slain by a quokka

Illustrated notes

Levels and vault maps discovered:
D:1:      saegor_arrival_simple_c, layout_basic,
          hellmonk_ecumenical_altar_pennies_from_heaven,
          minmay_misc_feat_plants, minmay_misc_feat_x

Action                   || total
-------------------------++-------
Melee: War axe           ||    17
Throw: Throwing net      ||     3
 Stab: Held in net/web   ||     1
Armor: Leather armour    ||     4
Dodge: Dodged            ||    11

Table legend: (Time is in decaauts)
 A = Elapsed time spent in this place.
 B = Non-inter-level travel time spent in this place.
 C = Inter-level travel time spent in this place.
 D = Time resting spent in this place.
 E = Time spent auto-exploring this place.
 F = Levels seen in this place.
 G = Mean time per level.
                   A        B        C        D        E       F      G
               +--------+--------+--------+--------+--------+-----+--------+
         Total |     67 |     67 |      0 |      0 |      0 |   1 |   67.0 |
       Dungeon |     67 |     67 |      0 |      0 |      0 |   1 |   67.0 |
               +--------+--------+--------+--------+--------+-----+--------+

Top non-repeatable levels by time:
     D:1: 67 daAuts
